 Dungeon Crawl Stone Soup version 0.28.0-45-g0d030f2227 (webtiles) character file.

Game seed: 1587468644709208144

304 NinjaNoafa the Skirmisher (level 6, -14/56 HPs)
             Began as a Hill Orc Fighter on Apr 6, 2022.
             Was a Follower of Beogh.
             Demolished by an ogre
             ... wielding a +0 giant club
              (22 damage)
             ... on level 4 of the Dungeon.
             The game lasted 00:08:59 (3427 turns).

NinjaNoafa the Skirmisher (Hill Orc Fighter)        Turns: 3427, Time: 00:08:59

Health: -14/56     AC:  7    Str: 21    XL:     6   Next: 38%
Magic:  6/6        EV:  9    Int:  8    God:    Beogh [*.....]
Gold:   218        SH:  4    Dex: 10    Spells: 5/5 levels left

rFire   . . .      SeeInvis .   a - +0 war axe
rCold   + . .      Faith    .   c - +0 buckler
rNeg    . . .      Spirit   .   b - +0 scale mail
rPois   .          Reflect  .   (no helmet)
rElec   .          Harm     .   (no cloak)
rCorr   .          Rampage  .   (no gloves)
Will    .....                   (no boots)
Stlth   ..........              (no amulet)
HPRegen 0.18/turn               h - ring of wizardry
MPRegen 0.10/turn               e - ring of protection from cold

@: no status effects
A: no striking features
a: Renounce Religion


You were on level 4 of the Dungeon.
You worshipped Beogh.
Beogh was aware of your devotion.
You visited 1 branch of the dungeon, and saw 4 of its levels.

You collected 218 gold pieces.

Inventory:

Hand Weapons
 a - a +0 war axe (weapon)
 r - the +10 short sword "Fomabbesh" {venom, rElec Str+4}
   (You took it off a hobgoblin on level 4 of the Dungeon)

   It poisons the flesh of those it strikes.
   Str:       It affects your strength (+4).
   rElec:     It insulates you from electricity.
Missiles
 m - 5 javelins (quivered)
 n - 4 poisoned darts
Armour
 b - a +0 scale mail (worn)
 c - a +0 buckler (worn)
Jewellery
 e - a ring of protection from cold (right hand)
 h - a ring of wizardry (left hand)
 s - a ring of resist corrosion
Scrolls
 f - a scroll of immolation
 i - a scroll of noise
 j - 2 scrolls of enchant armour
 k - a scroll of blinking
 q - a scroll of brand weapon {unknown}
 t - a scroll of identify
Potions
 d - a potion of lignification {unknown}
 g - 3 potions of brilliance
 l - a potion of invisibility
 o - a potion of curing
 p - a potion of ambrosia {unknown}


   Skills:
 + Level 5.1 Fighting
 * Level 4.9 Axes
 * Level 4.7 Armour
 + Level 4.7 Shields
 - Level 0.1 Summonings


You had 5 spell levels left.
You didn't know any spells.
Your spell library contained the following spells:

 Spells                   Type           Power      Damage    Failure   Level
 Summon Small Mammal      Summ           0%         N/A       47%         1
 Call Canine Familiar     Summ           0%         N/A       83%         3
 Summon Guardian Golem    Hex/Summ       0%         N/A       85%         3


Dungeon Overview and Level Annotations

Branches:
Dungeon (4/15)
 Temple: D:4-7

Altars:
Ashenzari


Message History

Beogh accepts your kill.
The giant cockroach bites you but does no damage.
An ogre comes into view. It is wielding a +0 giant club.
The ogre shouts!
The giant cockroach bites you but does no damage.
Things that are here:
the +10 short sword "Fomabbesh" {venom, rElec Str+4}; a ring of resist corrosion; a scroll of identify The giant cockroach bites you but does no damage. x2
The giant cockroach bites you but does no damage.
Things that are here:
the +10 short sword "Fomabbesh" {venom, rElec Str+4}; a ring of resist corrosion; a scroll of identify You closely miss the giant cockroach.
The giant cockroach is severely wounded.
The giant cockroach closely misses you.
r - the +10 short sword "Fomabbesh" {venom, rElec Str+4}
s - a ring of resist corrosion;
t - a scroll of identify The giant cockroach bites you but does no damage.
The ogre hits you with a +0 giant club!
The giant cockroach bites you but does no damage.
You slash the ogre!
The ogre is heavily wounded.
You hit the giant cockroach but do no damage.
You block the giant cockroach's attack.
The ogre hits you with a +0 giant club!!
You slash the ogre!
The ogre is almost dead.
You closely miss the giant cockroach.
The giant cockroach waves its antennae.
The giant cockroach closely misses you. x2; The ogre closely misses you.
You hit the ogre.
The ogre is almost dead.
You hit the giant cockroach.
You kill the giant cockroach!
Beogh accepts your kill.
The ogre hits you with a +0 giant club!!
* * * LOW HITPOINT WARNING * * *
You hit the ogre but do no damage.
The ogre is almost dead.
The ogre hits you with a +0 giant club!!
You die...

#. # #. #. #.
#########################.###
#.
................†...........#
#. ...#############@..$....#
#.## #. ...#####
#O....(..#.#..###. .........
................... ...######
###........####.###. ...#
#.....)..# #.# #. ...#
.........# #.###. ...#
.########## #..##. ...# ..
..##.### #### .......


You could see an ogre.

Vanquished Creatures
  A water moccasin skeleton (D:4)
  A hound (D:4)
  A jelly (D:4)
  An orc priest (D:3)
  A gnoll shaman (D:4)
  An orc wizard (D:3)
  2 adders (D:3)
  2 worms (D:2)
  5 dart slugs
  8 orcs
  4 bats
  8 endoplasms
  7 giant cockroaches
  6 hobgoblins
  A jackal (D:3)
  7 kobolds
  4 quokkas
  5 ball pythons
  A frilled lizard (D:2)
  5 goblins
  9 rats
80 creatures vanquished.

Vanquished Creatures (others)
  A lemure (D:4)
  Blork the orc (D:4)
  2 orcs (D:4)
  A ball python (D:4)
  A kobold (D:4)
6 creatures vanquished.

Grand Total: 86 creatures vanquished

Notes
Turn   | Place    | Note
-------+----------+-------------------------------------------
     0 | D:1      | NinjaNoafa the Hill Orc Fighter began the quest for the
                  | Orb.
     0 | D:1      | Reached XP level 1. HP: 19/19 MP: 1/1
    97 | D:1      | Reached XP level 2. HP: 27/27 MP: 2/2
   184 | D:1      | Found a faded altar of an unknown god.
   451 | D:1      | Reached skill level 4 in Fighting
   508 | D:1      | Reached XP level 3. HP: 25/33 MP: 3/3
  1102 | D:2      | You fall into a shaft and drop 2 floors!
  1119 | D:4      | Reached XP level 4. HP: 14/41 MP: 4/4
  1344 | D:4      | Reached XP level 5. HP: 12/47 MP: 5/5
  1358 | D:4      | Noticed Blork the orc
  1358 | D:4      | Noticed an orc warrior
  1359 | D:4      | Became a worshipper of Beogh the Brigand
  1382 | D:4      | Found a broken altar of Ashenzari.
  1689 | D:4      | Killed a lemure
  1691 | D:4      | Killed Blork the orc
  1827 | D:3      | Reached skill level 5 in Fighting
  1827 | D:3      | Reached XP level 6. HP: 25/56 MP: 6/6
  2381 | D:3      | Reached * piety under Beogh
  3415 | D:4      | Identified the +10 short sword "Fomabbesh" {venom, rElec
                  | Str+4}
  3427 | D:4      | Demolished by an ogre

Illustrated notes

Levels and vault maps discovered:
D:1:      minmay_arrival_stair_chambers, layout_basic,
          hellmonk_ecumenical_altar_zigzags, minmay_split_cup_small
D:2:      layout_basic, kennysheep_crisscross, minmay_quantized
D:3:      layout_loops_ring, kennysheep_generic_room_14
D:4:      layout_basic, amcnicky_altar_gilded, portal_sewer_entry_b,
          gammafunk_ghost_grave, minmay_pentomino_pile, uniq_blork_the_orc,
          uniq_pikel

Skill      XL: |  1  2  3  4  5 |
---------------+----------------+-----
Axes           | 3 4 |  4.9
Fighting       | 4 5 |  5.1
Armour         | 4 |  4.7
Shields        | 4 |  4.7
Summonings     | |  0.1

Action                   |  1- 3 |  4- 6 || total
-------------------------+-------+-------++-------
Melee: War axe           |    69 |   146 ||   215
Invok: Convert to Beogh  |       |     1 ||     1
  Use: Scroll            |       |     7 ||     7
       Potion            |       |     2 ||     2
Armor: Scale mail        |    39 |    66 ||   105
Dodge: Dodged            |    30 |    68 ||    98
Block: Buckler           |    15 |    28 ||    43
